 Dungeon Crawl Stone Soup version 0.29-a0-283-ga02f740833 (webtiles) character file.

Game seed: 13419171390513507423

116 spaghetti the Skirmisher (level 5, -1/68 HPs)
             Began as an Ogre Delver on Mar 13, 2022.
             Splashed by a jelly's acid (4 damage)
             ... on level 4 of the Dungeon.
             The game lasted 00:04:47 (1054 turns).

spaghetti the Skirmisher (Ogre Delver)              Turns: 1054, Time: 00:04:48

Health: -1/68      AC:  5    Str: 20    XL:     5   Next: 1%
Magic:  5/5        EV:  9    Int: 11    God:
Gold:   39         SH:  0    Dex: 10    Spells: 4/4 levels left

rFire   . . .      SeeInvis .   a - +0 mace {mace}
rCold   . . .      Faith    .   (no shield)
rNeg    . . .      Spirit   .   b - +0 robe
rPois   .          Reflect  .   (helmet restricted)
rElec   .          Harm     .   (no cloak)
rCorr   .          Rampage  .   (gloves unavailable)
Will    +....                   (boots unavailable)
Stlth   ++........              c - amulet of regeneration {@e2}
HPRegen 1.01/turn               (no ring)
MPRegen 0.09/turn               (no ring)

@: no status effects
A: large, unfitting armour, tough skin 1, iridescent scales 1, strong-willed 1,
robust 1, strong 1
a: no special abilities


You were on level 4 of the Dungeon.
You visited 1 branch of the dungeon, and saw 4 of its levels.

You collected 39 gold pieces.


Innate Abilities, Weirdness & Mutations

You are too large for most types of armour.
You have tough skin. (AC +1)
You are partially covered in iridescent scales. (AC +2)
You are strong-willed. (Will+)
You are robust. (+10% HP)
Your muscles are strong. (Str +2)


   Skills:
 + Level 7.3 Fighting
 - Level 1.7 Maces & Flails
 - Level 1.7 Dodging
 - Level 3.7 Stealth


You had 4 spell levels left.
You didn't know any spells.
Your spell library contained the following spells:

 Spells                   Type           Power      Damage    Failure   Level
 Conjure Flame            Conj/Fire      0%         6-21      71%         3
 Ignite Poison            Fire/Tmut/Pois 0%         N/A       71%         3
 Sticky Flame             Conj/Fire      0%         2d3       98%         4

Inventory:

Hand Weapons
 a - a +0 mace (weapon) {mace}
Missiles
 k - 49 stones (quivered) {throwing}
Armour
 b - a +0 robe (worn)
Jewellery
 c - an amulet of regeneration (around neck) {@e2}
   (You found it on level 6 of the Dungeon)
Wands
 g - a wand of digging (1)
Scrolls
 d - a scroll of magic mapping {!r}
 i - a scroll of immolation {!r!r}
Potions
 e - a potion of flight

Dungeon Overview and Level Annotations

Branches:
Dungeon (7/15)
 Temple: D:4-7

Altars:

Shops:
D:4 :

Annotations:
D:4 Blork the orc, Natasha

###### #....# ####
#....# ...# #....#
...# ### #....# ...#
##.## #♣##@...# ...#
#..5# #..Jg...#
...###.#h# ♣∩♣W....#
#...hW.#5# #.5|....#
...#####.## #♣g#....#
##.# #..###.##....#
##h######.##ho#######
#...$.##.....##...###
...g.....o..........##


You could see Blork the orc (fast), a phantom, a jelly, Natasha, a shadow imp
(summoned), a hobgoblin and a goblin.


Message History

Natasha attacks as you move away! Natasha claws you but does no damage.
The phantom hits you. 😮 HP[-3]
You take 3 damage, and now have 41/68 hp.
Natasha attacks as you move away!
Natasha claws you but does no damage. 😮 HP[+1]
The jelly attacks as you move away! The jelly hits you but does no damage.
The jelly jiggles. 😮 HP[+1]
The jelly attacks as you move away! The jelly hits you. The acid corrodes you!
You are splashed with acid!
* * * LOW HITPOINT WARNING * * *
😨 HP[-10]
You take 10 damage, and now have 33/68 hp.
The jelly attacks as you move away! The jelly hits you.
* * * LOW HITPOINT WARNING * * *
You are splashed with acid!
* * * LOW HITPOINT WARNING * * *
😨 HP[-7]
You take 7 damage, and now have 26/68 hp. 😨 HP[+1]
Okay, then.
Okay, then.
Press: ? - help, v - describe, . - travel
Here: a jelly The floor. 😨 HP[+1] 😨 HP[+1]
The jelly attacks as you move away! The jelly hits you.
* * * LOW HITPOINT WARNING * * *
You are splashed with acid!
* * * LOW HITPOINT WARNING * * *
😱 HP[-12]
You take 12 damage, and now have 17/68 hp. 😨 HP[+1] 😨 HP[+1]
The hobgoblin shouts!
You hear a shout!
Natasha casts a spell. 😨 HP[+1] Blork the orc shouts!
Blork the orc points at you and mumbles some strange words.
The puff of flame hits you!
* * * LOW HITPOINT WARNING * * *
😱 HP[-10]
You take 10 damage, and now have 10/68 hp.
The jelly attacks as you move away! The jelly barely misses you.
The goblin shouts!
Blork the orc points at you and mumbles some strange words.
The magic dart hits you.
* * * LOW HITPOINT WARNING * * *
The goblin shoots a sling bullet.
The sling bullet misses you.
Natasha casts a spell. 😱 HP[-3]
You take 3 damage, and now have 7/68 hp. 😱 HP[+1]
You are no longer corroded. 😱 HP[+1] 😱 HP[+1]
Found Ubailiag's Book Boutique. 😱 HP[+1] 😱 HP[+1]
There is an entrance to Ubailiag's Book Boutique here. 😱 HP[+1]
The jelly attacks as you move away! The jelly hits you.
* * * LOW HITPOINT WARNING * * *
You are splashed with acid!
* * * LOW HITPOINT WARNING * * *
😱 HP[-11]
You take 11 damage, and now have 2/68 hp.
Press: ? - help, v - describe, . - travel
Here: a jelly Ubailiag's Book Boutique.
There are monsters nearby!
Unknown command.
Press: ? - help, v - describe, . - travel
Here: a jelly Ubailiag's Book Boutique.
Press: ? - help, v - describe, . - travel
Here: a jelly Ubailiag's Book Boutique.
Unknown command.
Press: ? - help, v - describe, . - travel
Here: a jelly Ubailiag's Book Boutique.
The shadow imp shouts, "Quit, thou unhinged earth-vexing Cock-Lorel!" 😱 HP[+1] 😱 HP[+1]
Okay, then.
You sock the jelly!
Your hands burn!
* * * LOW HITPOINT WARNING * * *
Blork the orc gestures wildly while chanting.
Blork the orc seems to speed up.
The jelly hits you but does no damage. The jelly closely misses you. 😱 HP[-1]
You take 1 damage, and now have 3/68 hp.
Unknown command.
Unknown command.
Unknown command.
You hit the jelly.
Your hands burn!
You die...

Skill      XL: |  1  2  3  4 |
---------------+-------------+-----
Fighting       | 5 6 7 |  7.3
Maces & Flails | |  1.7
Dodging        | |  1.7
Stealth        | |  3.7

Action                   |  1- 3 |  4- 6 || total
-------------------------+-------+-------++-------
Melee: Mace              |    20 |    49 ||    69
Evoke: Wand              |     2 |       ||     2
  Use: Potion            |     3 |       ||     3
       Scroll            |     4 |       ||     4
 Stab: Sleeping          |     1 |       ||     1
Armor: Robe              |    18 |    24 ||    42
       Skin              |       |    25 ||    25
Dodge: Dodged            |    14 |    25 ||    39

Levels and vault maps discovered:
D:4:      layout_rooms, serial_curves, eino_curves_02, eino_curves_03,
          serial_shops, nicolae_shop_trees, uniq_blork_the_orc, uniq_natasha
D:5:      layout_loops_ring, nicolae_ru_awakened_eye, corexii_corridor_pit,
          minivault_26, minmay_checkerbox
D:6:      layout_loops_corners, temple_doors_e
D:7:      layout_loops_cross, chequers_serial_rivers_large_b,
          lightli_orcish_oven

Notes
Turn   | Place    | Note
-------+----------+-------------------------------------------
     0 | D:5      | spaghetti the Ogre Delver began the quest for the Orb.
     0 | D:5      | Reached XP level 1. HP: 24/24 MP: 1/1
     0 | D:5      | Noticed a black bear
     0 | D:5      | magus.rc [v1.9.6]
    23 | D:4      | Noticed a jelly
    30 | D:4      | You add the spells Conjure Flame, Ignite Poison and Sticky
                  | Flame to your library.
   100 | D:4      | Noticed a necrophage
   101 | D:4      | Gained mutation: You are robust. (+10% HP) [potion of
                  | mutation]
   101 | D:4      | Gained mutation: You are partially covered in iridescent
                  | scales. (AC +2) [potion of mutation]
   101 | D:4      | Gained mutation: Your muscles are strong. (Str +2) [potion
                  | of mutation]
   101 | D:4      | Gained mutation: You are strong-willed. (Will+) [potion of
                  | mutation]
   102 | D:4      | Noticed an orc priest
   103 | D:4      | Noticed an orc wizard
   109 | D:4      | Noticed Blork the orc
   182 | D:5      | Noticed an orc priest
   183 | D:5      | Noticed an orc wizard
   184 | D:5      | Noticed an ogre
   242 | D:6      | Noticed a centaur
   357 | D:7      | Noticed an iguana
   372 | D:6      | Noticed a hound
   377 | D:6      | Killed a hound
   378 | D:6      | Reached skill level 5 in Fighting
   378 | D:6      | Reached XP level 2. HP: 38/38 MP: 2/2
   378 | D:6      | Reached XP level 3. HP: 46/46 MP: 3/3
   395 | D:6      | Noticed a kobold demonologist
   531 | D:5      | Noticed an ogre
   535 | D:5      | Noticed a black bear
   567 | D:4      | HP: 11/48 [orc/+0 club (3)]
   860 | D:4      | Noticed Natasha
   869 | D:4      | Killed Natasha
   870 | D:4      | Reached skill level 6 in Fighting
   870 | D:4      | Reached XP level 4. HP: 56/58 MP: 4/4
   880 | D:4      | Noticed Natasha
   981 | D:4      | Reached skill level 7 in Fighting
   981 | D:4      | Reached XP level 5. HP: 56/68 MP: 5/5
  1001 | D:4      | Noticed a phantom
  1038 | D:4      | HP: 16/68 [acid (11)]
  1043 | D:4      | HP: 7/68 [Blork the orc/magic dart (4)]
  1047 | D:4      | Found Ubailiag's Book Boutique.
  1050 | D:4      | HP: 11/68 [jelly (2)]
  1050 | D:4      | HP: 1/68 [acid (10)]
  1054 | D:4      | Splashed by a jelly's acid

Vanquished Creatures
  An orc priest (D:4)
  A hound (D:6)
  An orc wizard (D:4)
  Natasha (D:4)
  2 orcs (D:4)
  A ball python (D:4)
  A goblin (D:4)
8 creatures vanquished.

Table legend:
 A = Non-vault XP
 B = Vault XP
 C = Vault XP percentage of total XP
 D = Non-vault monster count
 E = Vault monster count
 F = Vault count percentage of total count
                 A         B        C        D         E       F
            +---------+---------+-------+---------+---------+-------
      Total |     132 |      35 |  21.0 |       7 |       1 |  12.5
            +---------+---------+-------+---------+---------+-------
        D:4 |      92 |      35 |  27.6 |       6 |       1 |  14.3
        D:6 |      40 |       0 |   0.0 |       1 |       0 |   0.0
            +---------+---------+-------+---------+---------+-------

Illustrated notes

Table legend:
 A = Kills in this place as a percentage of kills in entire the game.
 B = Kills by you in this place as a percentage of kills by you in the entire game.
 C = Kills by friends in this place as a percentage of kills by friends in the entire game.
 D = Other kills in this place as a percentage of other kills in the entire game.
 E = Experience gained in this place as a percentage of experience gained in the entire game.
 F = Experience gained in this place divided by the number of levels of this place that you have seen.
                   A       B       C       D       E      F
               +-------+-------+-------+-------+-------+----------------------
         Total | 100.0 | 100.0 |   N/A |   N/A | 100.0 |  41.8
       Dungeon | 100.0 | 100.0 |   N/A |   N/A | 100.0 |  41.8
               +-------+-------+-------+-------+-------+----------------------

Table legend: (Time is in decaauts)
 A = Elapsed time spent in this place.
 B = Non-inter-level travel time spent in this place.
 C = Inter-level travel time spent in this place.
 D = Time resting spent in this place.
 E = Time spent auto-exploring this place.
 F = Levels seen in this place.
 G = Mean time per level.
                   A        B        C        D        E       F      G
               +--------+--------+--------+--------+--------+-----+--------+
         Total |   1052 |   1044 |      8 |    404 |    167 |   4 |  263.0 |
       Dungeon |   1052 |   1044 |      8 |    404 |    167 |   4 |  263.0 |
               +--------+--------+--------+--------+--------+-----+--------+

Top non-repeatable levels by time:
     D:4: 640 daAuts
     D:6: 329 daAuts
     D:5: 75 daAuts
     D:7: 6 daAuts
